 Dungeon Crawl Stone Soup version 0.19-a0-36-g4a0968a (webtiles) character file.

42 Steelers13 the Skirmisher (level 3, -1/34 HPs)
             Began as a Minotaur Berserker on May 3, 2016.
             Was a Believer of Trog.
             Slain by a gnoll
             ... wielding a +0 spear
              (4 damage)
             ... on level 2 of the Dungeon.
             The game lasted 00:06:54 (1008 turns).

Steelers13 the Skirmisher (Minotaur Berserker)      Turns: 1008, Time: 00:06:54

Health: -1/34      AC:  5    Str: 22    XL:     3   Next: 35%
Magic:  2/2        EV: 11    Int:  4    God:    Trog [**....]
Gold:   83         SH:  0    Dex:  9    Spells: 0 memorised, 2 levels left

rFire  . . .     SeeInvis .     m - +0 short sword
rCold  . . .     Gourm    .     n - +0 ring mail
rNeg   . . .     Faith    .     (no shield)
rPois  .         Spirit   .     (helmet restricted)
rElec  .         Dismiss  .     (no cloak)
rCorr  .         Reflect  .     (no gloves)
SustAt .         Harm     .     (no boots)
MR     .....                    (no amulet)
Stlth  ..........               (no ring)
                                (no ring)

@: not resistant to hostile enchantments, extremely unstealthy
A: retaliatory headbutt, horns 2
a: Berserk, Trog's Hand, Burn Spellbooks, Renounce Religion


You were on level 2 of the Dungeon.
You worshipped Trog.
Trog was pleased with you.
You were not hungry.

You visited 1 branch of the dungeon, and saw 2 of its levels.

You collected 83 gold pieces.

Inventory:

Hand Weapons
 a - a +0 hand axe
 m - a +0 short sword (weapon)
Armour
 b - a +0 animal skin
 n - a +0 ring mail (worn)
Jewellery
 f - a cursed ring of teleportation {unknown}
 j - a +4 ring of strength {unknown}
 r - an uncursed ring of stealth {unknown}
Scrolls
 d - a scroll of amnesia {unknown}
 e - 3 scrolls of identify {unknown}
 h - a scroll of magic mapping {unknown}
 l - 2 scrolls of blinking {unknown}
 o - a scroll of immolation {unknown}
 p - a scroll of enchant weapon {unknown}
Potions
 g - a potion of cure mutation {unknown}
 i - a potion of curing {unknown}
 k - 2 potions of beneficial mutation {unknown}
Comestibles
 c - a bread ration
 q - a chunk of flesh


   Skills:
 + Level 4.4 Fighting
 + Level 4.1 Axes
 + Level 2.7 Armour
 + Level 2.8 Dodging


You had 2 spell levels left.
You didn't know any spells.

Dungeon Overview and Level Annotations

Branches:
Dungeon (2/15)

Altars:
Ashenzari


Innate Abilities, Weirdness & Mutations

You reflexively headbutt those who attack you in melee.
You have a pair of horns on your head.


Message History

The gnoll closely misses you. The gnoll hits you. The gnoll barely misses you.
You see here a club.
The gnoll closely misses you.
You barely miss the gnoll. The gnoll barely misses you.
You furiously retaliate!
You headbutt the gnoll!
The gnoll hits you from afar with a spear.
You hit the gnoll. Your headbutt misses the gnoll.
The gnoll is severely wounded.
The gnoll hits you from afar with a spear.
The gnoll closely misses you. You furiously retaliate!
You headbutt the gnoll!
You kill the gnoll!
Trog accepts your kill. The gnoll barely misses you.
The gnoll barely misses you.
A worm comes into view.
You hit the gnoll but do no damage. The gnoll hits you with a flail!
* * * LOW HITPOINT WARNING * * *
The gnoll hits you from afar with a spear.
You die...

##.##.#..#..
#.##.##.#. ## #.
#......_.. .. #.
#..#.##.# .#.##
#.#####....##.#.....#
#.#.........)........
#
#.#..##...###.#.....#
#..###.#..##.### #.#
.#.## #..w..$..g@..#
#.# # ..###).g....#
#.# ###..##......#.
#..######## # #..#
#..# #..# ...# #...


You could see a worm and 2 gnolls.

Vanquished Creatures
  2 gnolls (D:2)
  A giant gecko (D:1)
  2 giant cockroaches
  3 hobgoblins
  4 jackals (D:1)
  A ball python (D:2)
  A giant newt (D:1)
  3 goblins (D:1)
  4 kobolds
  2 rats (D:1)
23 creatures vanquished.

Notes
Turn   | Place    | Note
--------------------------------------------------------------
     0 | D:1      | Steelers13 the Minotaur Berserker began the quest for the Orb.
     0 | D:1      | Reached XP level 1. HP: 19/19 MP: 0/0
   360 | D:1      | Reached XP level 2. HP: 17/27 MP: 1/1
   960 | D:2      | Found a shattered altar of Ashenzari.
   964 | D:2      | Reached ** piety under Trog
   998 | D:2      | Reached XP level 3. HP: 28/34 MP: 2/2
  1008 | D:2      | Slain by a gnoll

Vault maps used:
D:1:      minmay_arrival_loop
D:2:      minivault_24, grunt_decor_resistance, ashenzari_altar_1, uniq_natasha

Skill      XL: |  1  2 |
---------------+-------+-----
Fighting       | 4 |  4.4
Axes           | 4 |  4.1
Armour         | |  2.7
Dodging        | |  2.8

Action                   || total
-------------------------++-------
Melee: Hand axe          ||    36
       Headbutt          ||     5
       Short sword       ||    16
Armor: Animal skin       ||     3
       Ring mail         ||     4
Dodge: Dodged            ||    50
